 Dungeon Crawl Stone Soup version 0.31-a0-200-gbc41564c69 (webtiles) character file.

Game seed: 7748514421722627468

52 qw the Shooter (level 3, 0/20 HPs)
             Began as a Deep Elf Hunter on June 25, 2023.
             Succumbed to an adder's poison
             ... on level 2 of the Dungeon.
             The game lasted 00:00:15 (895 turns).

qw the Shooter (Deep Elf Hunter)                     Turns: 895, Time: 00:00:16

Health: 0/20       AC:  5    Str: 10    XL:     3   Next: 60%
Magic:  5/5        EV: 11    Int: 13    God:
Gold:   20         SH:  0    Dex: 18    Spells: 2/2 levels left

rFire   . . .        Y - +0 shortbow
rCold   . . .        (shield currently unavailable)
rNeg    . . .        d - +0 ring mail
rPois   .            (no helmet)
rElec   .            (no cloak)
rCorr   .            (no gloves)
SInv    .            (no boots)
Will    .....        (no amulet)
Stlth   +            (no ring)
HPRegen 0.23/turn    (no ring)
MPRegen 0.09/turn

%: no passive effects
@: lethally poisoned (0 -> -2)
A: no striking features
a: no special abilities


You were on level 2 of the Dungeon.
You visited 1 branch of the dungeon, and saw 2 of its levels.

You collected 20 gold pieces.


   Skills:
 - Level 1.5 Fighting
 + Level 7.1 Ranged Weapons
 - Level 2.4 Dodging
 - Level 1.2 Stealth


You had 2 spell levels left.
You didn't know any spells.
Your spell library was empty.

Inventory:

Hand Weapons
 Y - a +0 shortbow (weapon)
Armour
 d - a +0 ring mail (worn)
Potions
 a - a potion of mutation {unknown}

Dungeon Overview and Level Annotations

Branches:
Dungeon (2/15)

Altars:

Shops:
D:1 =


Message History

You shoot an arrow. The arrow hits the gnoll.
You kill the gnoll!
Your Ranged Weapons skill increases to level 7!
You shoot an arrow. The arrow barely misses the gnoll.
You shoot an arrow. The arrow hits the gnoll.
The gnoll is lightly wounded.
An adder comes into view.
You shoot an arrow. The adder hisses angrily.
The arrow hits the gnoll.
The gnoll is moderately wounded.
The gnoll hits you with a +0 flail!
You shoot an arrow.
The arrow hits the gnoll but does no damage.
The gnoll is moderately wounded.
The gnoll hits you with a +0 flail!
You shoot an arrow. The arrow barely misses the gnoll.
The gnoll hits you but does no damage.
You shoot an arrow. The arrow barely misses the gnoll.
The gnoll hits you with a +0 flail. The adder closely misses you.
You shoot an arrow. The arrow hits the gnoll.
The gnoll is heavily wounded.
The adder closely misses you. The gnoll hits you but does no damage.
A gnoll comes into view. It is wielding a +0 whip.
The adder bites you but does no damage.
You shoot an arrow. The gnoll shouts!
The arrow hits the gnoll.
The gnoll is heavily wounded.
The gnoll closely misses you. The adder bites you.
You are lethally poisoned!
The adder poisons you! The gnoll barely misses you.
You shoot an arrow. The arrow hits the gnoll.
The gnoll is severely wounded.
You feel sick. The adder barely misses you. The gnoll barely misses you.
The adder barely misses you.
You shoot an arrow.
The arrow hits the gnoll but does no damage.
The gnoll is severely wounded.
You die...

.... ... #). #..
#.$#### .####..)..#
# ...g...gS.#.#
#.#@..#.# #.......#
# ###...### #.#
#.....# #...####..#
###..###..# ##
.........<# .#
###...#.########.##
...................


You could see 2 gnolls and an adder.

Vanquished Creatures
  2 gnolls (D:2)
  An adder (D:2)
  2 ball pythons (D:1)
  3 endoplasms (D:1)
  A giant cockroach (D:1)
  4 goblins (D:1)
  A hobgoblin (D:1)
  3 jackals (D:1)
  2 quokkas (D:1)
  A kobold (D:1)
  2 rats (D:1)
22 creatures vanquished.

Notes
Turn   | Place    | Note
-------+----------+-------------------------------------------
     0 | D:1      | qw the Deep Elf Hunter began the quest for the Orb.
     0 | D:1      | Reached XP level 1. HP: 12/12 MP: 3/3
     0 | D:1      | 0 ||| qw: Version: 0.3-a-22-g0ed2b0b
     0 | D:1      | 0 ||| qw: Game counter: 5497
     0 | D:1      | 0 ||| qw: Melee chars always use a shield: true
     0 | D:1      | 0 ||| qw: God list: Okawaru
     0 | D:1      | 0 ||| qw: Allow faded altars: false
     0 | D:1      | 0 ||| qw: Do Orc after clearing Dungeon:15 true
     0 | D:1      | 0 ||| qw: Do second Lair branch before Depths: true
     0 | D:1      | 0 ||| qw: Lair rune preference: random
     0 | D:1      | 0 ||| qw: Goals: Normal
     0 | D:1      | 0 ||| PLANNING D:1-11
    92 | D:1      | Found Feoprug's Jewellery Boutique.
    96 | D:1      | 96 ||| SHOPLISTING +5 ring of evasion (396 gold, have 0).
    96 | D:1      | 96 ||| SHOPLISTING +6 ring of dexterity (396 gold, have 0).
    96 | D:1      | 96 ||| SHOPLISTING amulet of reflection (330 gold, have 0).
    96 | D:1      | 96 ||| SHOPLISTING amulet of the acrobat (330 gold, have
                  | 0).
   120 | D:1      | Reached skill level 6 in Ranged Weapons
   120 | D:1      | Reached XP level 2. HP: 11/16 MP: 4/4
   550 | D:1      | 550 ||| Stepping ~*~*~tactically~*~*~ (outnumbered).
   552 | D:1      | 552 ||| Stepping ~*~*~tactically~*~*~ (outnumbered).
   554 | D:1      | 554 ||| Stepping ~*~*~tactically~*~*~ (outnumbered).
   762 | D:1      | 762 ||| UPGRADING to +0 ring mail.
   772 | D:1      | 772 ||| DROPPING +0 leather armour.
   773 | D:1      | 773 ||| READING scroll labelled ODGHOAGAACZO.
   776 | D:1      | 776 ||| DROPPING scroll of butterflies.
   857 | D:2      | 857 ||| STAIRDANCE
   868 | D:2      | Reached XP level 3. HP: 18/20 MP: 5/5
   886 | D:2      | Reached skill level 7 in Ranged Weapons
   889 | D:2      | HP: 5/20 [gnoll/+0 flail (8)]
   893 | D:2      | HP: 2/20 [adder (1)]
   895 | D:2      | Succumbed to an adder's poison

Levels and vault maps discovered:
D:1:      minmay_arrival_up_and_down, layout_loops_ring, serial_shops, shop
D:2:      layout_basic, uniq_jessica, uniq_terence

Skill      XL: |  1  2  3 |
---------------+----------+-----
Ranged Weapons | 6 7 |  7.1
Fighting       | |  1.5
Dodging        | |  2.4
Stealth        | |  1.2

Action                     || total
---------------------------++-------
   Fire: Shortbow          ||    65
    Use: Scroll            ||     1
 Armour: Leather armour    ||     5
         Ring mail         ||     3
  Dodge: Dodged            ||    22

Table legend:
 A = Non-vault XP
 B = Vault XP
 C = Vault XP percentage of total XP
 D = Non-vault monster count
 E = Vault monster count
 F = Vault count percentage of total count
                 A         B        C        D         E       F
            +---------+---------+-------+---------+---------+-------
      Total |      75 |       0 |   0.0 |      22 |       0 |   0.0
            +---------+---------+-------+---------+---------+-------
        D:1 |      33 |       0 |   0.0 |      19 |       0 |   0.0
        D:2 |      42 |       0 |   0.0 |       3 |       0 |   0.0
            +---------+---------+-------+---------+---------+-------
